 Dungeon Crawl Stone Soup version 0.22-a0-439-gac93bac (webtiles) character file.

179 Firecrotchwizard the Firebug (level 5, -3/38 HPs)
             Began as a Hill Orc Fire Elementalist on May 30, 2018.
             Slain by an ogre
             ... wielding a cursed -3 giant club
              (9 damage)
             ... on level 3 of the Dungeon.
             The game lasted 00:08:05 (3884 turns).

Firecrotchwizard the Firebug (HOFE)                 Turns: 3884, Time: 00:08:06

Health: -3/38      AC:  8    Str: 12    XL:     5   Next: 59%
Magic:  8/8        EV:  5    Int: 15    God:
Gold:   117        SH:  0    Dex: 11    Spells: 5/9 levels left

rFire    . . .     SeeInvis .   o - +4 hand axe
rCold    . . .     Gourm    .   (no shield)
rNeg     . . .     Faith    .   p - +0 chain mail
rPois    +         Spirit   .   (no helmet)
rElec    .         Reflect  .   (no cloak)
rCorr    .         Harm     .   (no gloves)
MR       .....                  (no boots)
Stlth    ..........             (no amulet)
HPRegen  0.12/turn              k - ring of poison resistance {rPois, !d}
MPRegen  0.11/turn              (no ring)

@: no status effects
A: no striking features
a: no special abilities


You were on level 3 of the Dungeon.
You were not hungry.

You visited 1 branch of the dungeon, and saw 3 of its levels.

You collected 117 gold pieces.

Inventory:

Hand Weapons
 b - a +0 mace
   (You took it off a kobold on level 1 of the Dungeon)
 d - a +0 morningstar
   (You took it off an orc on level 3 of the Dungeon)
 e - a +2 dagger of venom
   (You took it off a goblin on level 1 of the Dungeon)
 n - a +0 hand axe
   (You took it off an orc on level 3 of the Dungeon)
 o - a +4 hand axe (weapon)
   (You took it off Terence on level 3 of the Dungeon)
Armour
 a - a +0 robe
 p - a +0 chain mail (worn)
   (You took it off Terence on level 3 of the Dungeon)
Jewellery
 k - a ring of poison resistance (left hand) {rPois, !d}
   (You found it on level 2 of the Dungeon)
Scrolls
 h - 2 scrolls of identify {unknown}
 i - a scroll of amnesia
 j - a scroll of fear {unknown}
Potions
 f - a potion of brilliance {unknown}
 g - a potion of haste {unknown}
 l - a potion of heal wounds {unknown}
Comestibles
 c - 4 rations {@e1}


   Skills:
 + Level 0.0 Fighting
 * Level 0.0 Axes
 + Level 0.0 Armour
 - Level 1.5 Dodging
 - Level 1.5 Stealth
 - Level 2.5 Spellcasting
 - Level 3.8 Conjurations
 - Level 4.3 Fire Magic


You had 5 spell levels left.
You knew the following spells:

 Your Spells              Type           Power        Failure   Level  Hunger
a - Flame Tongue          Conj/Fire      ##...        89%         1    #......
c - Conjure Flame         Conj/Fire      ##......     99%         3    ###....

Your spell library contained the following spells:

 Spells                   Type           Power        Failure   Level  Hunger
 Fireball                 Conj/Fire      ##........   100%        5    ######.
 Throw Flame              Conj/Fire      ##....       96%         2    ###....
 Sticky Flame             Conj/Fire      ##......     100%        4    #####..
 Inner Flame              Hex/Fire       #.......     100%        3    ###....


Dungeon Overview and Level Annotations

Branches:
Dungeon (3/15)

Altars:
Elyvilon


Message History

Found a stone staircase leading down.
A kobold comes into view.
A kobold is nearby!
The kobold shouts!
The kobold barely misses you.
You closely miss the kobold. The kobold misses you.
You hit the kobold.
The kobold is poisoned.
The kobold hits you but does no damage.
You hit the kobold.
You kill the kobold!
No target in view!
Things that are here:
a blowgun; 2 poisoned needles; a kobold corpse Terence shouts!
Terence is too close now for your liking.
You can't see any susceptible monsters within range! (Use Z to cast anyway.) Unknown command.
You can't see any susceptible monsters within range! (Use Z to cast anyway.)
You can't see any susceptible monsters within range! (Use Z to cast anyway.) Some of the chunks of flesh in your inventory have rotted away.
Aim: Terence, wielding an enchanted hand axe and wearing a chain mail The flame tongue hits Terence.
You now have 7/8 mp.
Aim: Terence, wielding an enchanted hand axe and wearing a chain mail (lightly wounded)
The flame tongue hits Terence.
You now have 6/8 mp.
Aim: Terence, wielding an enchanted hand axe and wearing a chain mail (heavily wounded)
The flame tongue hits Terence.
Terence appears unharmed.
Terence hits you with an enchanted hand axe.
You take 3 damage, and have 35/38 hp.
You now have 5/8 mp.
You hit Terence.
Terence is poisoned.
You are feeling hungry.
Terence barely misses you.
Unknown command.
You hit Terence but do no damage.
Terence hits you with an enchanted hand axe.
You take 3 damage, and have 32/38 hp.
You hit Terence but do no damage.
Terence hits you with an enchanted hand axe!
An adder comes into view.
You take 7 damage, and have 25/38 hp.
You hit Terence but do no damage.
Terence looks more healthy.
Terence misses you.
You hit Terence but do no damage.
Terence hits you with an enchanted hand axe.
You take 2 damage, and have 23/38 hp.
You are too injured to fight recklessly!
You are too injured to fight recklessly!
You barely miss Terence. Terence closely misses you.
You hit Terence but do no damage.
Terence hits you with an enchanted hand axe!
You take 7 damage, and have 16/38 hp.
You hit Terence.
Terence is poisoned.
Terence barely misses you.
Aim: Terence, wielding an enchanted hand axe and wearing a chain mail (almost dead, poisoned)
The flame tongue hits Terence.
Terence appears unharmed.
Terence says, "Time to say good-bye..."
Terence hits you with an enchanted hand axe.
You take 3 damage, and have 13/38 hp.
You kill Terence!
Things that are here:
an enchanted hand axe; a chain mail There isn't anything to butcher here.
o - an enchanted hand axe;
p - a chain mail You start resting.
Eating one of 11 chunks of flesh {@w0}.
You eat one of the 11 chunks of flesh {@w0}.
Some of the chunks of flesh in your inventory have rotted away. x2
All of the chunks of flesh in your inventory have rotted away.
Health restored: 38; MP restored: 8
k - a ring of poison resistance (left hand)
Your +2 dagger of venom stops dripping with poison.
o - a +4 hand axe (weapon)
You start removing your armour.
You continue taking off your +0 robe. x4
You finish taking off your +0 robe.
You start putting on your armour.
You continue putting on your chain mail. x5
You finish putting on your +0 chain mail.
An ogre comes into view. It is wielding a giant club.
An ogre is nearby!
The ogre shouts!
You can't see any susceptible monsters within range! (Use Z to cast anyway.)
Okay, then.
You slash the ogre! The ogre hits you with a giant club.
You take 6 damage, and have 32/38 hp.
Your chain mail prevents you from hitting the ogre.
The ogre completely misses you.
You hit the ogre. The ogre barely misses you.
You hit the ogre. The ogre hits you with a giant club.
You take 1 damage, and have 32/38 hp.
You completely miss the ogre. The ogre barely misses you.
Your chain mail prevents you from hitting the ogre.
The ogre hits you with a giant club!
You take 17 damage, and have 15/38 hp.
MASSIVE DAMAGE!!
You slash the ogre! The ogre hits you with a giant club!
* * * LOW HITPOINT WARNING * * *
You take 9 damage, and have 6/38 hp.
MASSIVE DAMAGE!!
Your chain mail prevents you from hitting the ogre.
The ogre hits you with a giant club!
You die...

#.. #.... #. #...#
..#.#...## .........#
.##.#..#.## #.≈ #..#..#
#.≈ ... #..##.## #.# #.#
# #.O##..# #.# #.#.##
####.#.@###.# #.# #.#...
.....#..###.###.# #.####
.........##..##.# #.#..#
.##......###.##.###.#...
#......# #......#.##.#
#.##...####...#.#.....
.....#......)..#.#....#
.##..##.........#.#...##
.... #......#..#.###.##


You could see an ogre.

Vanquished Creatures
  A hound (D:2)
  Terence (D:3)
  A worker ant (D:3)
  2 adders (D:2)
  An ooze (D:2)
  2 worms (D:2)
  2 dart slugs (D:1)
  A leopard gecko (D:1)
  9 orcs (D:3)
  A giant cockroach (D:2)
  9 goblins
  5 hobgoblins
  2 jackals (D:1)
  A quokka (D:2)
  6 bats
  5 frilled lizards
  6 kobolds
  5 rats
60 creatures vanquished.

Vanquished Creatures (others)
  A quokka (D:3)
1 creature vanquished.

Grand Total: 61 creatures vanquished

Notes
Turn   | Place    | Note
-------+----------+-------------------------------------------
     0 | D:1      | Firecrotchwizard the Hill Orc Fire Elementalist began the quest for the Orb.
     0 | D:1      | Reached XP level 1. HP: 14/14 MP: 3/3
   381 | D:1      | Reached XP level 2. HP: 16/20 MP: 2/4
   709 | D:1      | Reached skill level 2 in Conjurations
  1015 | D:1      | Reached XP level 3. HP: 26/26 MP: 2/5
  2024 | D:2      | Learned a level 3 spell: Conjure Flame
  2071 | D:2      | Reached skill level 2 in Spellcasting
  2386 | D:2      | Reached XP level 4. HP: 30/33 MP: 0/7
  2688 | D:2      | Reached skill level 3 in Conjurations
  2688 | D:2      | Reached skill level 4 in Fire Magic
  3246 | D:3      | Noticed Terence
  3408 | D:3      | Found a white marble altar of Elyvilon.
  3426 | D:3      | Reached XP level 5. HP: 38/38 MP: 8/8
  3655 | D:3      | Killed Terence
  3873 | D:3      | Noticed an ogre
  3883 | D:3      | HP: 6/38 [ogre/giant club (9)]
  3884 | D:3      | Slain by an ogre

Vault maps used:
D:1:      dpeg_arrival_morbid_curiosity
D:2:      first_ration
D:3:      elyvilon_altar_4, grunt_temple_overflow_open,
          chequers_ecumenical_altar_island, kennysheep_potato, uniq_robin,
          uniq_terence

Skill      XL: |  1  2  3  4 |
---------------+-------------+-----
Conjurations   | 2 3 |  3.8
Spellcasting   | 2 |  2.5
Fire Magic     | 4 |  4.3
Dodging        | |  1.5
Stealth        | |  1.5

Action                   |  1- 3 |  4- 6 || total
-------------------------+-------+-------++-------
Melee: Club              |    45 |       ||    45
       Dagger            |    43 |    52 ||    95
       Hand axe          |       |     8 ||     8
 Cast: Flame Tongue      |    36 |    15 ||    51
  Use: Scroll            |     3 |       ||     3
 Stab: Sleeping          |       |     2 ||     2
  Eat: Chunk             |     5 |     5 ||    10
Armor: Robe              |    38 |     9 ||    47
Dodge: Dodged            |   114 |    34 ||   148

Table legend:
 A = Spawn XP
 B = Non-spawn XP
 C = Spawn XP percentage of total XP
 D = Spawn monster count
 E = Non-spawn monster count
 F = Spawn count percentage of total count
 G = Total turns spent on level
                    A         B        C        D         E        F      G
               +---------+---------+-------+---------+---------+-------+---------
         Total |       0 |     257 |   0.0 |       0 |      60 |   0.0 |  3884
               +---------+---------+-------+---------+---------+-------+---------
           D:1 |       0 |      51 |   0.0 |       0 |      29 |   0.0 |  1990
           D:2 |       0 |     105 |   0.0 |       0 |      18 |   0.0 |  1401
           D:3 |       0 |     101 |   0.0 |       0 |      13 |   0.0 |   493
               +---------+---------+-------+---------+---------+-------+---------

Vault maps used:
D:1:      dpeg_arrival_morbid_curiosity
D:2:      first_ration
D:3:      elyvilon_altar_4, grunt_temple_overflow_open,
          chequers_ecumenical_altar_island, kennysheep_potato, uniq_robin,
          uniq_terence

Table legend:
 A = Turns spent in this place as a percentage of turns spent in the entire game.
 B = Non-inter-level travel turns spent in this place as a percentage of non-inter-level travel turns spent in the entire game.
 C = Inter-level travel turns spent in this place as a percentage of turns spent in this place.
 D = Turns resting spent in this place as a percentage of non-inter-level travel turns spent in this place.
 E = Turns spent auto-exploring this place as a percentage of non-inter-level travel turns spent in this place.
 F = Non-inter-level travel turns spent in this place divided by the number of levels of this place that you've seen.
                   A       B       C       D       E      F
               +-------+-------+-------+-------+-------+----------------------
         Total | 100.0 | 100.0 |   5.3 |  40.6 |  41.2 | 1226.0
       Dungeon | 100.0 | 100.0 |   5.3 |  40.6 |  41.2 | 1226.0
               +-------+-------+-------+-------+-------+----------------------

Table legend:
 A = Kills in this place as a percentage of kills in entire the game.
 B = Kills by you in this place as a percentage of kills by you in the entire game.
 C = Kills by friends in this place as a percentage of kills by friends in the entire game.
 D = Other kills in this place as a percentage of other kills in the entire game.
 E = Experience gained in this place as a percentage of experience gained in the entire game.
 F = Experience gained in this place divided by the number of levels of this place that you have seen.
                   A       B       C       D       E      F
               +-------+-------+-------+-------+-------+----------------------
         Total | 100.0 | 100.0 |   N/A |   N/A | 100.0 |  85.7
       Dungeon | 100.0 | 100.0 |   N/A |   N/A | 100.0 |  85.7
               +-------+-------+-------+-------+-------+----------------------
